 Dungeon Crawl Stone Soup version 0.21-a0-421-gfc1ce30 (webtiles) character file.

229 Dorkslayer the Shield-Bearer (level 5, -7/47 HPs)
             Began as a Minotaur Fighter on Nov 4, 2017.
             Killed by divine providence
             ... invoked by an orc priest
              (11 damage)
             ... while paralysed by Grinder
             ... on level 3 of the Dungeon.
             The game lasted 00:06:39 (1842 turns).

Dorkslayer the Shield-Bearer (Minotaur Fighter)     Turns: 1842, Time: 00:06:40

Health: -7/47      AC:  7    Str: 26    XL:     5   Next: 71%
Magic:  4/4        EV:  2    Int:  5    God:
Gold:   78         SH:  0    Dex: 10    Spells: 4/4 levels left

rFire    . . .     SeeInvis .   a - +0 war axe
rCold    . . .     Gourm    .   c - +0 shield
rNeg     . . .     Faith    .   b - +0 scale mail
rPois    .         Spirit   .   (helmet restricted)
rElec    .         Reflect  +   (no cloak)
rCorr    .         Harm     .   (no gloves)
MR       .....                  (no boots)
Stlth    ..........             s - +5 amulet of reflection
HPRegen  0.15/turn              (no ring)
MPRegen  0.09/turn              (no ring)

@: paralysed, mighty
A: retaliatory headbutt, horns 2
a: no special abilities


You were on level 3 of the Dungeon.
You were not hungry.

You visited 1 branch of the dungeon, and saw 3 of its levels.

You collected 78 gold pieces.

Inventory:

Hand Weapons
 a - a +0 war axe (weapon)
Missiles
 o - 4 silver javelins (quivered)
Armour
 b - a +0 scale mail (worn)
 c - a +0 shield (worn)
Jewellery
 j - an uncursed amulet of regeneration
 s - a +5 amulet of reflection (around neck)
Scrolls
 e - a scroll of remove curse {unknown}
 h - a scroll of identify {unknown}
 k - a scroll of teleportation {unknown}
 n - a scroll of recharging {unknown}
 p - a scroll of enchant armour {unknown}
 q - a scroll of fog {unknown}
Potions
 d - 2 potions of might
 g - a potion of flight {unknown}
 m - a potion of invisibility {unknown}
Comestibles
 f - 2 bread rations
 i - 11 chunks of flesh
 r - a meat ration


   Skills:
 + Level 4.6 Fighting
 + Level 4.5 Axes
 + Level 4.7 Armour
 + Level 1.4 Dodging
 + Level 4.8 Shields


You had 4 spell levels left.
You didn't know any spells.

Dungeon Overview and Level Annotations

Branches:
Dungeon (3/15)

Altars:
Ashenzari
Okawaru
Zin

Annotations:
D:3 Grinder


Innate Abilities, Weirdness & Mutations

You reflexively headbutt those who attack you in melee.
You have a pair of horns on your head.


Message History

You barely miss the orc priest. Your headbutt misses the orc priest.
The orc priest is heavily wounded.
You slash the orc!
You kill the orc!
You block the orc priest's attack. Grinder gestures at you.
You suddenly lose the ability to move!
The orc priest hits you but does no damage.
The orc priest hits you.
* * * LOW HITPOINT WARNING * * *
Grinder barely misses you.
The orc priest hits you but does no damage.
Grinder says, "FISH!"
Grinder blinks!
The orc priest hits you but does no damage.
The orc priest hits you.
* * * LOW HITPOINT WARNING * * *
The orc priest calls down the wrath of Beogh upon you.
Beogh smites you!
You die...

#.#...#####.
#.
#...........
#.
###.........
####.
##..#####.
#(... #..#
...... #..#
.......
#####..######
.##.###
#...)........
#. #
#...o@...####
# #
#...<)...#
#........#
#..........
#.5.......##
#...........
#.........##.
#.#######.# #
#


You could see Grinder and an orc priest.

Vanquished Creatures
  An orc wizard (D:3)
  Terence (D:2)
  Robin (D:2)
  3 adders (D:2)
  4 gnolls (D:2)
  2 oozes
  2 leopard geckos
  7 orcs (D:3)
  5 giant cockroaches
  15 goblins
  4 hobgoblins
  11 jackals
  6 kobolds
  3 quokkas
  3 bats (D:1)
  4 frilled lizards
  6 rats
78 creatures vanquished.

Notes
Turn   | Place    | Note
-------+----------+-------------------------------------------
     0 | D:1      | Dorkslayer the Minotaur Fighter began the quest for the Orb.
     0 | D:1      | Reached XP level 1. HP: 19/19 MP: 0/0
   132 | D:1      | Reached XP level 2. HP: 25/27 MP: 1/1
   551 | D:1      | Reached XP level 3. HP: 32/33 MP: 2/2
   828 | D:2      | HP: 1/34 [gnoll/spear (5)]
   829 | D:2      | Reached XP level 4. HP: 2/41 MP: 3/3
   845 | D:2      | Found an iron altar of Okawaru.
   850 | D:2      | Noticed Robin
   861 | D:2      | Noticed Terence
   863 | D:2      | Killed Robin
   878 | D:2      | Killed Terence
   944 | D:2      | Reached skill level 1 in Dodging
  1017 | D:2      | Reached XP level 5. HP: 37/47 MP: 4/4
  1402 | D:2      | Found an iron altar of Okawaru.
  1402 | D:2      | Found a shattered altar of Ashenzari.
  1403 | D:2      | Found a glowing silver altar of Zin.
  1671 | D:3      | Found a shattered altar of Ashenzari.
  1824 | D:3      | Noticed Grinder
  1831 | D:3      | Paralysed by Grinder for 4 turns
  1835 | D:3      | HP: 2/47 [orc wizard/magic dart (7)]
  1837 | D:3      | Paralysed by Grinder for 7 turns
  1842 | D:3      | Killed from afar by an orc priest

Vault maps used:
D:1:      minmay_arrival_nine_rooms
D:2:      grunt_temple_overflow_open, okawaru_gym_becter, uniq_robin,
          uniq_terence
D:3:      ashenzari_altar_1, uniq_grinder

Skill      XL: |  1  2  3  4  5 |
---------------+----------------+-----
Shields        | 4 |  4.8
Fighting       | 4 |  4.6
Armour         | 4 |  4.7
Axes           | 3 4 |  4.5
Dodging        | 1 |  1.4

Action                   |  1- 3 |  4- 6 || total
-------------------------+-------+-------++-------
Melee: War axe           |    66 |    92 ||   158
       Headbutt          |     6 |    11 ||    17
  Use: Potion            |       |     5 ||     5
  Eat: Chunk             |       |     3 ||     3
Armor: Scale mail        |    31 |    42 ||    73
Dodge: Dodged            |    25 |    30 ||    55
Block: Shield            |    57 |    70 ||   127

Table legend:
 A = Spawn XP
 B = Non-spawn XP
 C = Spawn XP percentage of total XP
 D = Spawn monster count
 E = Non-spawn monster count
 F = Spawn count percentage of total count
 G = Total turns spent on level
                    A         B        C        D         E        F      G
               +---------+---------+-------+---------+---------+-------+---------
         Total |       0 |     328 |   0.0 |       0 |      78 |   0.0 |  1842
               +---------+---------+-------+---------+---------+-------+---------
           D:1 |       0 |      52 |   0.0 |       0 |      30 |   0.0 |   815
           D:2 |       0 |     199 |   0.0 |       0 |      35 |   0.0 |   827
           D:3 |       0 |      77 |   0.0 |       0 |      13 |   0.0 |   200
               +---------+---------+-------+---------+---------+-------+---------
